 Dungeon Crawl Stone Soup version 0.29-a0-541-gaf1fc19f1b (webtiles) character file.

Game seed: 17973937725536855327

204 happo123 the Sneak (level 6, 0/35 HPs)
             Began as a Kobold Enchanter on June 2, 2022.
             Was a Follower of Uskayaw.
             Slain by a gnoll
             ... wielding a +0 whip
              (2 damage)
             ... on level 3 of the Dungeon.
             The game lasted 00:09:36 (3177 turns).

happo123 the Sneak (Kobold Enchanter)               Turns: 3177, Time: 00:09:37

Health: 0/35       AC: 13    Str:  5    XL:     6   Next: 9%
Magic:  2/10       EV: 15    Int: 18    God:    Uskayaw [*.....]
Gold:   133        SH:  0    Dex: 16    Spells: 3/11 levels left

rFire   + . .      SeeInvis .   k - +1 dagger (protect)
rCold   x . .      Faith    .   (no shield)
rNeg    . . .      Spirit   .   b - +0 robe
rPois   .          Reflect  .   l - +0 helmet
rElec   .          Harm     .   (no cloak)
rCorr   .          Rampage  .   m - +2 pair of gloves
Will    .....                   (no boots)
Stlth   ++++......              (no amulet)
HPRegen 0.11/turn               e - ring of fire
MPRegen 0.12/turn               (no ring)

@: under a protective aura
A: small, no large weapons, nightstalker 3
a: Renounce Religion, Stomp


You were on level 3 of the Dungeon.
You worshipped Uskayaw.
Uskayaw was noncommittal.
You visited 1 branch of the dungeon, and saw 3 of its levels.

You collected 133 gold pieces.

Inventory:

Hand Weapons
 a - a +1 dagger
 k - a +1 dagger of protection (weapon)
Armour
 b - a +0 robe (worn)
 l - a +0 helmet (worn)
 m - a +2 pair of gloves (worn)
Jewellery
 e - a ring of fire (left hand)
 j - a ring of fire
 o - a ring of fire
Scrolls
 d - 2 scrolls of teleportation {unknown}
 f - a scroll of identify {unknown}
 h - a scroll of noise {unknown}
 n - a scroll of immolation {unknown}
Potions
 c - 2 potions of invisibility
 g - 2 potions of curing {unknown}
 i - 4 potions of might {unknown}


   Skills:
 + Level 1.9 Fighting
 + Level 2.7 Short Blades
 + Level 3.3 Dodging
 + Level 5.0 Stealth
 + Level 3.0 Spellcasting
 * Level 4.2 Hexes
 + Level 0.4 Invocations


You had 3 spell levels left.
You knew the following spells:

 Your Spells              Type           Power      Damage    Failure   Level
a - Ensorcelled Hibernat  Hex/Ice        20%        N/A       11%         2
b - Confusing Touch       Hex            18%        N/A       9%          3
c - Tukima's Dance        Hex            18%        N/A       9%          3

Your spell library contained the following spells:

 Spells                   Type           Power      Damage    Failure   Level
 Apportation              Tloc           4%         N/A       16%         1
 Necrotize                Necr           8%         1d4       16%         1
 Summon Small Mammal      Summ           8%         N/A       16%         1
 Dazzling Flash           Conj/Hex       20%        N/A       21%         3
 Leda's Liquefaction      Hex/Erth       5%         N/A       56%         4
 Lee's Rapid Deconstruct  Erth           1%         3d5*      99%         5
 Statue Form              Tmut/Erth      1%         N/A       100%        6


Dungeon Overview and Level Annotations

Branches:
Dungeon (3/15)

Altars:
Uskayaw

Shops:
D:1 (


Innate Abilities, Weirdness & Mutations

You are small and have problems with some larger weapons.
You are completely attuned to the shadows.


Message History

The gnoll is heavily wounded.
You barely miss the gnoll.
The gnoll is heavily wounded.
The gnoll hits you with a +0 whip. The gnoll closely misses you.
You hit the gnoll.
The gnoll is severely wounded.
The gnoll barely misses you. x2
You hit the gnoll but do no damage.
The gnoll is severely wounded.
The gnoll misses you. The gnoll hits you with a +0 halberd!
* * * LOW HITPOINT WARNING * * *
You hit the gnoll.
The gnoll is almost dead.
The gnoll hits you but does no damage. The gnoll barely misses you.
You closely miss the gnoll.
The gnoll is almost dead.
The gnoll hits you but does no damage. The gnoll closely misses you.
You barely miss the gnoll.
The gnoll is almost dead.
The gnoll closely misses you. x2
You hit the gnoll.
The gnoll is almost dead.
The gnoll closely misses you. The gnoll completely misses you.
You hit the gnoll but do no damage.
The gnoll is almost dead.
You barely miss the gnoll.
The gnoll is almost dead.
The gnoll hits you with a +0 whip.
* * * LOW HITPOINT WARNING * * *
The gnoll hits you but does no damage.
You barely miss the gnoll.
The gnoll is almost dead.
The gnoll closely misses you. The gnoll misses you.
You closely miss the gnoll.
The gnoll is almost dead.
The gnoll misses you. The gnoll barely misses you.
You hit the gnoll.
You kill the gnoll!
The gnoll hits you with a +0 whip.
You die...

.... ## ##.## #....#
..##...###......#
...........#....#
.....g.........#
...)@..........######
..........)..†......†
................####†
..##............##...
## ####.........#....
#######..#....
#..)).._ #..#)†..
#..#..†.


You could see a gnoll.

Vanquished Creatures
  Terence (D:3)
  An iguana (D:3)
  An adder (D:2)
  6 gnolls (D:3)
  3 dart slugs
  4 orcs (D:3)
  6 ball pythons
  6 bats
  6 endoplasms
  2 giant cockroaches (D:1)
  5 goblins
  4 hobgoblins
  19 jackals
  2 quokkas
  2 frilled lizards (D:1)
  7 kobolds
  5 rats
80 creatures vanquished.

Vanquished Creatures (others)
  58 plants (D:2)
58 creatures vanquished.

Grand Total: 138 creatures vanquished

Notes
Turn   | Place    | Note
-------+----------+-------------------------------------------
     0 | D:1      | happo123 the Kobold Enchanter began the quest for the Orb.
     0 | D:1      | Reached XP level 1. HP: 10/10 MP: 3/3
    91 | D:1      | Reached XP level 2. HP: 5/15 MP: 5/5
   102 | D:1      | Learned a level 2 spell: Ensorcelled Hibernation
   379 | D:1      | Found Wygiluuq's Antique Weapon Emporium.
   573 | D:1      | Reached XP level 3. HP: 20/20 MP: 6/6
   577 | D:1      | Learned a level 3 spell: Confusing Touch
   795 | D:1      | Reached skill level 1 in Fighting
  1399 | D:2      | Reached XP level 4. HP: 6/25 MP: 0/7
  2218 | D:2      | Found a faded altar of an unknown god.
  2582 | D:2      | Learned a level 3 spell: Tukima's Dance
  2617 | D:3      | Reached XP level 5. HP: 29/29 MP: 4/9
  2830 | D:3      | Noticed Terence
  2837 | D:3      | Killed Terence
  2947 | D:3      | Found a hide-covered altar of Uskayaw.
  2967 | D:3      | Became a worshipper of Uskayaw the Reveller
  2997 | D:3      | Reached * piety under Uskayaw
  3116 | D:3      | Reached ** piety under Uskayaw
  3133 | D:3      | Reached XP level 6. HP: 27/35 MP: 1/10
  3142 | D:3      | Reached skill level 5 in Stealth
  3177 | D:3      | Slain by a gnoll

Illustrated notes

Levels and vault maps discovered:
D:1:      dpeg_arrival_three_same_balls, layout_basic, serial_shops, shop,
          minmay_cut_off
D:2:      layout_basic, hellmonk_ecumenical_altar_crossroads, serial_bayou,
          serial_bayou_pond_e, serial_bayou_lake_a, serial_bayou_pond_e,
          serial_bayou_lagoon_a
D:3:      layout_rooms, old_standard_altar, grunt_ministairs_4,
          serial_bayou_pond_c, minivault_11, uniq_terence

Skill      XL: |  1  2  3  4  5  6 |
---------------+-------------------+-----
Short Blades   | 2 |  2.7
Fighting       | 1 |  1.9
Dodging        | 3 |  3.3
Hexes          | 4 |  4.2
Spellcasting   | 3 |  3.0
Stealth        | 5 |  5.0
Invocations    | |  0.4

Action                   |  1- 3 |  4- 6 || total
-------------------------+-------+-------++-------
Melee: Dagger            |    86 |   134 ||   220
       Punch             |       |     5 ||     5
 Cast: Ensorcelled Hiber |     9 |    33 ||    42
 Stab: Sleeping          |    26 |    32 ||    58
Armor: Robe              |     7 |    43 ||    50
Dodge: Dodged            |    49 |   104 ||   153

Table legend: (Time is in decaauts)
 A = Elapsed time spent in this place.
 B = Non-inter-level travel time spent in this place.
 C = Inter-level travel time spent in this place.
 D = Time resting spent in this place.
 E = Time spent auto-exploring this place.
 F = Levels seen in this place.
 G = Mean time per level.
                   A        B        C        D        E       F      G
               +--------+--------+--------+--------+--------+-----+--------+
         Total |   3206 |   3047 |    159 |    234 |   2191 |   3 | 1068.7 |
       Dungeon |   3206 |   3047 |    159 |    234 |   2191 |   3 | 1068.7 |
               +--------+--------+--------+--------+--------+-----+--------+

Top non-repeatable levels by time:
     D:1: 1330 daAuts
     D:2: 1321 daAuts
     D:3: 555 daAuts
